 Dungeon Crawl Stone Soup version 0.21-a0-81-gc5150db (webtiles) character file.

79 kuniqs the Skirmisher (level 4, -5/24 HPs)
             Began as a Vine Stalker Fighter on June 23, 2017.
             Slain by Sigmund
             ... wielding a +0 scythe
              (11 damage)
             ... on level 3 of the Dungeon.
             The game lasted 00:02:56 (2175 turns).

kuniqs the Skirmisher (Vine Stalker Fighter)        Turns: 2175, Time: 00:02:57

Health: -5/24      AC:  7    Str: 19    XL:     4   Next: 38%
Magic:  0/5        EV:  7    Int:  8    God:
Gold:   92         SH:  9    Dex: 14    Spells: 3/3 levels left

rFire    . . .     SeeInvis .   q - +0 dagger (elec)
rCold    . . .     Gourm    .   c - +0 shield
rNeg     . . .     Faith    .   b - +0 scale mail
rPois    .         Spirit   +   r - +0 helmet
rElec    .         Reflect  .   (no cloak)
rCorr    .         Harm     .   (no gloves)
MR       .....     Rnd*Tele +   (no boots)
Stlth    ..........             (no amulet)
HPRegen  0.48/turn              n - ring of teleportation (curse)
MPRegen  0.09/turn              (no ring)

@: no status effects
A: fangs 2, regeneration 1, magic shield, antimagic bite, no potion heal 3, rot
immunity
a: no special abilities


You were on level 3 of the Dungeon.
You were not hungry.

You visited 1 branch of the dungeon, and saw 3 of its levels.

You collected 92 gold pieces.

Inventory:

Hand Weapons
 a - a +0 rapier
 q - a +0 dagger of electrocution (weapon)
Armour
 b - a +0 scale mail (worn)
 c - a +0 shield (worn)
 r - a +0 helmet (worn)
Jewellery
 n - a cursed ring of teleportation (left hand)
Scrolls
 h - 2 scrolls of teleportation
 l - a scroll of identify {@r1}
 m - a scroll of enchant armour {unknown}
 o - a scroll of blinking {unknown}
 t - a scroll of remove curse {unknown}
Potions
 g - 3 potions of lignification
 i - a potion of curing {@q1}
 j - a potion of magic {unknown}
 k - 2 potions of might
 p - a potion of agility {unknown}
 s - a potion of berserk rage {unknown}
 u - a potion of flight {unknown}
Comestibles
 d - 3 bread rations
 e - 3 meat rations
 f - 4 fruits
 v - a chunk of flesh


   Skills:
 + Level 3.1 Fighting
 + Level 2.5 Short Blades
 + Level 2.8 Armour
 + Level 1.0 Dodging
 + Level 3.0 Shields


You had 3 spell levels left.
You didn't know any spells.

Dungeon Overview and Level Annotations

Branches:
Dungeon (3/15)

Altars:
Gozag

Annotations:
D:3 Grinder, Sigmund


Innate Abilities, Weirdness & Mutations

You have extremely sharp teeth.
Your natural rate of healing is unusually fast.
When hurt, damage is shared between your health and your magic reserves.
Your bite disrupts and absorbs the magic of your enemies.
Potions cannot restore your health.
You are immune to rotting.


Message History

The bat hits you but does no damage. x2
Grinder gestures at you. You resist with significant effort.
Sigmund hits you from afar with a scythe!
The bat hits you but does no damage. x2
The bat hits you. Sigmund hits you but does no damage.
The bat hits you but does no damage. x2; Grinder hits you.
You writhe in agony.
The rat bites you but does no damage.
Sigmund hits you from afar with a scythe!
A kobold comes into view. It is wielding a club.
The bat hits you but does no damage. The bat hits you.
* * * LOW HITPOINT WARNING * * *
Grinder hits you.
* * * LOW HITPOINT WARNING * * *
The rat bites you but does no damage.
You can move again.
Unknown command.
You block the bat's attack. x2
Sigmund hits you from afar with a scythe!
You die...

###### #....#
.8##....#####
..##...5b@K.#
..>#...@#
..##...r.#
.8##.(....#
######...
...# ...# ###


You could see Grinder, Sigmund, a bat, a kobold and a rat.

Vanquished Creatures
  Robin (D:2)
  An adder (D:2)
  An ooze (D:1)
  A dart slug (D:2)
  A worm (D:2)
  4 bats (D:1)
  2 giant cockroaches
  13 goblins
  5 hobgoblins
  4 jackals (D:1)
  4 frilled lizards (D:2)
  5 kobolds
  10 rats
52 creatures vanquished.

Notes
Turn   | Place    | Note
-------+----------+-------------------------------------------
     0 | D:1      | kuniqs the Vine Stalker Fighter began the quest for the Orb.
     0 | D:1      | Reached XP level 1. HP: 11/11 MP: 2/2
   571 | D:1      | Reached XP level 2. HP: 13/16 MP: 3/3
   880 | D:1      | Reached XP level 3. HP: 12/19 MP: 2/4
  1220 | D:2      | Found a faded altar of an unknown god.
  1361 | D:2      | Found an opulent altar of Gozag.
  1458 | D:2      | Noticed Robin
  1724 | D:2      | Killed Robin
  1724 | D:2      | Gained mutation: Your natural rate of healing is unusually fast. [Vine Stalker growth]
  1724 | D:2      | Reached XP level 4. HP: 17/24 MP: 3/5
  1773 | D:2      | Reached skill level 1 in Dodging
  2167 | D:3      | Noticed Sigmund
  2167 | D:3      | Noticed Grinder
  2169 | D:3      | Paralysed by Grinder for 5 turns
  2175 | D:3      | Slain by Sigmund

Vault maps used:
D:1:      dpeg_arrival_radiant
D:2:      lemuel_doored_altar, chequers_ecumenical_altar_lobes, uniq_robin
D:3:      nicolae_overflow_hidden_temple, makhleb_blood_cavern_becter,
          uniq_sigmund, uniq_terence, uniq_grinder

Skill      XL: |  1  2  3  4 |
---------------+-------------+-----
Short Blades   | 2 |  2.5
Shields        | 3 |  3.0
Fighting       | 3 |  3.1
Dodging        | 1 |  1.0
Armour         | |  2.8

Action                   |  1- 3 |  4- 6 || total
-------------------------+-------+-------++-------
Melee: Rapier            |    40 |       ||    40
       Bite              |    22 |     4 ||    26
       Dagger            |    73 |    25 ||    98
  Use: Potion            |     1 |       ||     1
       Scroll            |     1 |     1 ||     2
  Eat: Chunk             |     3 |     1 ||     4
Armor: Scale mail        |    37 |    16 ||    53
Dodge: Dodged            |    25 |     7 ||    32
Block: Shield            |    47 |    10 ||    57
